Valeera, chaotic female human Rogue ----.----------- --------- |..............| |.<.-..^| ##-.........S....| |...|...| ##### # |..........@d..| |.......| # ####|..............| |...|...-### # #---------------- |...|...| # # |...|.... ################# # --------- # # --------- # # ### -.......|################### | # # |.......|## # # -|------ |`.... #### |.......| ################.......| + # |.......| ------## |......| ##-.......-#### |.^...## #+......| --------- # |....| ###|......| ##....*| # -------- |.....#### ------ Valeera the Rogue Experience level: 6 Strength: 16 Dexterity: 18 Constitution: 13 Intelligence: 10 Wisdom: 12 Charisma: 7 Health: 0(49) Energy: 26(26) AC: 6 Gold: 918 Moves: 2546 Your Inventory: Coins $ - 918 gold pieces Weapons a - a blessed +1 short sword (weapon in hand) b - 24 uncursed +0 daggers (in quiver) j - an uncursed rusty +0 long sword v - an uncursed +2 scimitar D - an [uncursed +0] broad pick [dwarvish mattock] E - an [uncursed +0] broad short sword [dwarvish] Armor c - an uncursed +1 leather armor (being worn) w - an uncursed +0 orcish helm (being worn) F - an [uncursed +0] hard hat [dwarvish iron helm] G - a [blessed +0] hooded cloak [dwarvish] Comestibles g - an [uncursed] food ration Potions d - an uncursed potion of sickness n - a [blessed] potion of sickness Rings h - an uncursed ring of protection from shape changers (on right hand) Tools e - an uncursed lock pick f - an uncursed sack k - an [uncursed] looking glass [mirror] l - an [uncursed] key [skeleton key] m - an uncursed expensive camera (0:38) o - an [uncursed] bag of tricks [0:2] q - 3 [uncursed tallow] candles s - an [uncursed] drum [leather] u - an [uncursed] leash (in use) A - an [uncursed +0] iron hook [grappling hook] Gems i - 2 [uncursed] white gems [worthless glass] x - an [uncursed] orange gem [worthless glass] y - an [uncursed] yellow gem [worthless glass] B - an [uncursed] violet gem [worthless glass] H - an [uncursed] black gem [worthless glass] Spells known in the end: Name Level Category Fail Memory Your skills at the end: Fighting Skills Weapon Skills dagger [Basic / Expert] short sword [Basic / Expert] Spellcasting Skills Final Attributes: You were piously aligned. Hunger level was 657. Your alignment was 21 / 22. Monster difficulty range was 0 - 5. Level difficulty was 5. You were stealthy. You were protected from shape changers. Your luck was zero. You are dead. Vanquished creatures: a leprechaun a water moccasin an enormous rat 3 gnome lords 2 gnomish wizards a dwarf 2 hill orcs a rothe 2 iguanas an acid blob a gas spore a hobbit a giant rat a yellow mold 10 gnomes a gnome zombie a gecko 3 jackals a fox a kobold 2 goblins 2 sewer rats 5 grid bugs a bat a lichen 3 kobold zombies 3 newts 53 creatures vanquished. Voluntary challenges: You used a wielded weapon 38 times. You read items or engraved 2 times. You put on armor 2 times. You never genocided any monsters. You never polymorphed an object. You never changed form. You used no wishes. You never wrote Elbereth's name. You never encountered a bones level. You never used any Sokoban shortcuts. Dungeon overview: The Dungeons of Doom: levels 1 to 5 Level 1 a fountain, a sink a long staircase Level 2 a potion shop Level 3 a general store, a sink stairs to The Gnomish Mines Level 5 <- You were here a fountain The Gnomish Mines: levels 4 to 5 Level 4 stairs to The Dungeons of Doom History has recorded: On T:1 you entered the Dungeons of Doom to retrieve the Amulet of Yendor! On T:300 you advanced to experience level 2. On T:327 you reached level 2 of The Dungeons of Doom. On T:565 you advanced to experience level 3. On T:1258 you reached level 3 of The Dungeons of Doom. On T:1548 you reached level 1 of The Gnomish Mines. On T:1555 you advanced to experience level 4. On T:1574 you advanced to experience level 5. On T:1763 you reached level 2 of The Gnomish Mines. On T:1784 you advanced to experience level 6. On T:2039 you reached level 4 of The Dungeons of Doom. On T:2227 you reached level 5 of The Dungeons of Doom. Latest messages: Your long sword rusts somewhat. An endless stream of snakes pours forth! The little dog bites the water moccasin. The little dog misses the water moccasin. [HP+1=42] You hit the water moccasin! The water moccasin bites! (2x) The little dog misses the water moccasin. [HP-12=30] You miss the water moccasin. The water moccasin just misses! The water moccasin bites! The water moccasin's bite was poisoned! The little dog bites the water moccasin. The water moccasin bites the little dog. The little dog bites the water moccasin. The water moccasin is killed! Your little dog grows up into a dog! The water moccasin bites! The water moccasin's bite was poisoned! You hear the howling of the CwnAnnwn... You die... The sack is empty. Final status: Goodbye Valeera the Rogue... You died in The Dungeons of Doom on dungeon level 5 with 2467 points, and 918 pieces of gold, after 2546 moves. You were level 6 with a maximum of 49 hit points when you died.